 Dungeon Crawl Stone Soup version 0.25-a0-471-g78e40d7af6 (webtiles) character file.

Game seed: 5051086763360944551, levelgen mode: deterministic

2804 Brozuf the Destroyer (level 9, -2/52 HPs)
             Began as a Deep Elf Conjurer on Feb 6, 2020.
             Was an Initiate of Gozag.
             Splashed by Harold's acid (13 damage)
             ... on level 6 of the Dungeon.
             The game lasted 00:31:10 (10187 turns).

Brozuf the Destroyer (Deep Elf Conjurer)           Turns: 10187, Time: 00:31:10

Health: -2/52      AC:  9    Str:  8    XL:     9   Next: 44%
Magic:  18/23      EV: 17    Int: 21    God:    Gozag
Gold:   720        SH:  0    Dex: 15    Spells: 17/24 levels left

rFire    . . .     SeeInvis .   a - +2 dagger (vamp)
rCold    . . .     Gourm    .   (no shield)
rNeg     . . .     Faith    .   w - +0 robe
rPois    .         Spirit   .   A - +2 hat
rElec    .         Reflect  .   (no cloak)
rCorr    .         Harm     .   (no gloves)
MR       .....                  (no boots)
Stlth    ++........             (no amulet)
HPRegen  0.17/turn              o - +5 ring of protection
MPRegen  0.18/turn              (no ring)

@: no status effects
A: no striking features
a: Potion Petition, Call Merchant, Bribe Branch, Renounce Religion


You were on level 6 of the Dungeon.
You worshipped Gozag.
Gozag was pleased with you.
You were not hungry.

You visited 2 branches of the dungeon, and saw 8 of its levels.

You collected 758 gold pieces.
You paid 38 gold pieces to Gozag.

Inventory:

Hand Weapons
 a - a +2 vampiric dagger (weapon)
   (You found it on level 5 of the Dungeon)
 b - a +1 spear of venom
   (You found it on level 4 of the Dungeon)
Missiles
 q - 20 poisoned darts (quivered)
Armour
 k - a +0 helmet
   (You took it off Robin on level 2 of the Dungeon)
 w - a +0 robe (worn)
   (You took it off Sigmund on level 3 of the Dungeon)
 A - a +2 hat (worn)
   (You found it on level 6 of the Dungeon)
 D - +0 swamp dragon scales
   (You took it off Maggie on level 7 of the Dungeon)
Jewellery
 o - a +5 ring of protection (left hand)
   (You found it on level 2 of the Dungeon)
Wands
 x - a wand of acid (11)
   (You took it off Ijyb on level 4 of the Dungeon)
Scrolls
 c - a scroll of enchant weapon
 d - 2 scrolls of amnesia
 i - 8 scrolls of teleportation {@r4}
 l - 5 scrolls of remove curse {@r2}
 r - a scroll of identify {@r1}
 v - a scroll of fear {unknown}
 y - a scroll of blinking
 z - a scroll of enchant armour {unknown}
 B - a scroll of magic mapping {unknown}
Potions
 f - 3 potions of curing {@q1}
 g - a potion of agility
 h - a potion of resistance {unknown}
 j - 3 potions of lignification {!q}
 m - 3 potions of invisibility
 n - 2 potions of ambrosia
 p - a potion of berserk rage {unknown}
 s - 2 potions of flight {unknown}
 t - 5 potions of heal wounds {@q2}
 u - 2 potions of might {unknown}
Comestibles
 e - 7 rations {!d}


   Skills:
 + Level 4.1 Fighting
 + Level 7.4 Dodging
 - Level 2.4 Stealth
 + Level 8.3 Spellcasting
 * Level 10.1 Conjurations
 - Level 2.2 Necromancy


You had 17 spell levels left.
You knew the following spells:

 Your Spells              Type           Power        Failure   Level  Hunger
a - Magic Dart            Conj           ####         1%          1    None
b - Dazzling Flash        Conj/Hex       ####..       3%          3    None
f - Animate Skeleton      Necr           N/A          3%          1    None
s - Searing Ray           Conj           ######       1%          2    None

Your spell library contained the following spells:

 Spells                   Type           Power        Failure   Level  Hunger
 Pain                     Necr           ###.         3%          1    None
 Apportation              Tloc           #.....       8%          1    None
 Corona                   Hex            #......      8%          1    None
 Summon Small Mammal      Summ           #...         8%          1    None
 Vampiric Draining        Necr           ###.......   10%         3    None
 Fulminant Prism          Conj/Hex       ####......   10%         4    ###....
 Iskenderun's Mystic Bla  Conj/Tloc      ####....     10%         4    ###....
 Ensorcelled Hibernation  Hex/Ice        #.....       12%         2    None
 Confusing Touch          Hex            #.......     24%         3    None
 Tukima's Dance           Hex            #.......     24%         3    None
 Animate Dead             Necr           N/A          30%         4    ###....
 Agony                    Necr           ###.....     65%         5    #####..


Dungeon Overview and Level Annotations

Branches:
Dungeon (7/15)             Temple (1/1) D:4

Altars:
Ashenzari
Cheibriados
Dithmenos
Elyvilon
Fedhas
Gozag
Hepliaklqana
Kikubaaqudgha
Makhleb
Nemelex Xobeh
Okawaru
Qazlal
Ru
Sif Muna
Trog
Uskayaw
Wu Jian
Xom
Yredelemnul
Zin
The Shining One

Shops:
D:6 =

Annotations:
D:6 exclusion: downstairs, Harold


Message History

Unknown command.
The orc warrior throws a boomerang.
The boomerang misses you.
The weapon returns to the orc warrior!
Harold gestures at you while chanting.
You barely resist.
There is a stone staircase leading up here.
You start resting.
HP restored.
You start resting.
Harold is too close now for your liking.
Casting: Magic Dart (safe; 1% risk of failure) Harold is dazzled.
Casting: Dazzling Flash (safe; 3% risk of failure)
Aiming: Searing Ray (safe; 1% risk of failure)
Aim: an orc warrior, wielding a +0 war axe, wearing a +0 chain mail and quivering 6 boomerangs (lightly wounded)
The searing ray misses Harold.
The searing ray hits the orc warrior. (Press . to maintain the ray.)
The orc warrior throws a boomerang.
The boomerang completely misses you.
The weapon returns to the orc warrior!
The searing ray hits the orc warrior.
The searing ray hits Harold.
The searing ray hits the orc warrior!
Harold completely misses you.
The searing ray hits Harold!
The searing ray hits the orc warrior.
You finish channeling your searing ray.
Harold says, "This is so exciting!
What a great way to end my career!"
Harold zaps a wand.
The bolt of acid hits you!
You are splashed with acid!
Harold hits you with a +0 battleaxe.
* * * LOW HITPOINT WARNING * * *
You climb upwards.
Level annotation: exclusion: downstairs
There is a stone staircase leading down here.
Unknown command.
Unknown command.
Unknown command.
Unknown command.
Harold is no longer blind.
Harold asks, "Do you mind if I name my boat the 'Brozuf'?
Your head will be paying for it, after all."
Harold grumbles, "Just give up already, I want to go home!"
Harold zaps a wand.
The bolt of acid misses you.
Harold points at you and mumbles some strange words.
You barely resist.
There is a stone staircase leading up here.
Harold zaps a wand.
The bolt of acid hits you!
* * * LOW HITPOINT WARNING * * *
You are splashed with acid!
You die...
Your body crumbles into a pile of gold.

#############
#...........#
#.#########.#####
#.# #.........
#.# #.##.#####
#.# #.##.# ##.###
#.##.# #@...#
#.##.#
##.#.####.##.#
#.#.........#
#.######.########
#.@.@............
########>........
#.######## #)#
#)#


You could see Harold.

Vanquished Creatures
  Maggie (D:7)
  A hornet (D:7)
  A hippogriff (D:5)
  Sigmund (D:3)
  Menkaure (D:6)
  3 orc warriors
  An ice beast (D:5)
  A sky beast (D:4)
  A necrophage (D:7)
  An ogre (D:7)
  2 centaurs
  A bullfrog (D:6)
  A scorpion (D:5)
  4 howler monkeys (D:7)
  2 crimson imps (D:4)
  A bullfrog zombie (D:6)
  A hound (D:7)
  2 orc priests (D:4)
  3 bullfrog skeletons
  A jelly (D:5)
  An orc wizard (D:6)
  An iguana (D:6)
  Jessica (D:2)
  2 centaur skeletons
  Ijyb (D:4)
  5 worker ants
  Robin (D:2)
  A worker ant zombie (D:7)
  3 gnolls (D:6)
  3 adders
  An adder zombie (D:6)
  3 worms
  4 dart slugs
  3 leopard geckos (D:4)
  19 orcs
  3 ball pythons
  20 giant cockroaches
  16 goblins
  12 hobgoblins
  9 jackals
  6 kobolds
  5 bats
  4 frilled lizards
  A leopard gecko zombie (D:6)
  9 rats
164 creatures vanquished.

Vanquished Creatures (others)
  A rat (D:1)
1 creature vanquished.

Grand Total: 165 creatures vanquished

Notes
Turn   | Place    | Note
-------+----------+-------------------------------------------
     0 | D:1      | Brozuf the Deep Elf Conjurer began the quest for the Orb.
     0 | D:1      | Reached XP level 1. HP: 10/10 MP: 6/6
   207 | D:1      | Reached XP level 2. HP: 15/15 MP: 5/8
   255 | D:1      | Learned a level 2 spell: Searing Ray
  1322 | D:2      | Reached skill level 5 in Conjurations
  1322 | D:2      | Reached XP level 3. HP: 19/19 MP: 7/10
  1433 | D:2      | Noticed Robin
  1580 | D:2      | Noticed Jessica
  1589 | D:2      | Killed Jessica
  1671 | D:2      | Reached XP level 4. HP: 24/24 MP: 4/11
  2031 | D:2      | Killed Robin
  2630 | D:2      | Reached XP level 5. HP: 28/28 MP: 7/13
  2635 | D:2      | Learned a level 3 spell: Dazzling Flash
  3593 | D:3      | Learned a level 1 spell: Animate Skeleton
  3695 | D:3      | Noticed Sigmund
  3711 | D:3      | Killed Sigmund
  3711 | D:3      | Reached skill level 6 in Conjurations
  3711 | D:3      | Reached skill level 1 in Necromancy
  3711 | D:3      | Reached XP level 6. HP: 3/33 MP: 4/15
  4211 | D:3      | Found a shimmering blue altar of Sif Muna.
  4319 | D:4      | Noticed a sky beast
  4334 | D:4      | Reached skill level 1 in Fighting
  4338 | D:4      | Reached skill level 5 in Spellcasting
  4399 | D:4      | Found a hide-covered altar of Uskayaw.
  4593 | D:4      | Found a staircase to the Ecumenical Temple.
  4602 | Temple   | Entered the Ecumenical Temple
  4632 | Temple   | Became a worshipper of Gozag Ym Sagoz the Greedy
  4774 | D:4      | Killed a sky beast
  4774 | D:4      | Reached XP level 7. HP: 28/38 MP: 8/16
  4971 | D:4      | Reached skill level 7 in Conjurations
  4974 | D:4      | Noticed Ijyb
  5062 | D:4      | Killed Ijyb
  5913 | D:5      | Entered Level 5 of the Dungeon
  5921 | D:5      | Noticed a hippogriff
  6188 | D:5      | Reached skill level 5 in Dodging
  6441 | D:5      | Got a spiked ring mail
  6671 | D:5      | Found a hazy altar of Hepliaklqana.
  6672 | D:5      | Found a blossoming altar of Fedhas.
  6672 | D:5      | Found a shimmering altar of Xom.
  6672 | D:5      | Found a burning altar of Makhleb.
  6673 | D:5      | Found a sacrificial altar of Ru.
  6674 | D:5      | Found an ornate altar of the Wu Jian Council.
  6677 | D:5      | Found a basalt altar of Yredelemnul.
  6930 | D:5      | Reached XP level 8. HP: 45/45 MP: 13/19
  6989 | D:5      | Reached skill level 8 in Conjurations
  7365 | D:5      | Killed a hippogriff
  7707 | D:6      | Noticed Menkaure
  7717 | D:6      | Killed Menkaure
  8410 | D:6      | Reached skill level 9 in Conjurations
  8943 | D:6      | Found Xiwoefou's Jewellery Shoppe.
  9192 | D:7      | Found an ancient bone altar of Kikubaaqudgha.
  9272 | D:7      | Noticed Maggie
  9364 | D:7      | Reached XP level 9. HP: 51/51 MP: 7/22
  9373 | D:7      | Killed Maggie
  9546 | D:7      | Noticed Harold
  9673 | D:7      | Identified the +1 ring mail of the Guild-Master {rElec rC+
                  | Regen+ MP-9} (You found it on level 5 of the Dungeon)
 10129 | D:7      | Reached skill level 10 in Conjurations
 10187 | D:6      | Splashed by Harold's acid

Levels and vault maps discovered:
D:1:      shiori_arrival_oz, layout_loops_ring
D:2:      minmay_roachtagon, layout_basic, chequers_serial_rivers_small_3,
          uniq_robin, uniq_jessica
D:3:      layout_loops_ring, led_sif_pool, first_ration, uniq_sigmund
D:4:      layout_loops_ring, nicolae_overflow_hidden_temple,
          lemuel_temple_firewalk_b, portal_sewer_entry_f,
          kennysheep_generic_room_15, uniq_ijyb
D:5:      layout_loops_cross, minitemple
D:6:      minmay_spotlight, layout_basic, serial_shops, shop, uniq_menkaure
D:7:      layout_basic, kiku_gazebo_garden_becter, uniq_maggie, uniq_harold
Temple:   minmay_temple_bridge_abc

Skill      XL: |  1  2  3  4  5  6  7  8  9 |
---------------+----------------------------+-----
Dodging        | 3 4 5 6 7 |  7.4
Conjurations   | 5 6 7 9 10 | 10.1
Spellcasting   | 4 5 6 7 8 |  8.3
Necromancy     | 1 2 |  2.2
Fighting       | 1 2 3 4 |  4.1
Stealth        | |  2.4

Action                   |  1- 3 |  4- 6 |  7- 9 || total
-------------------------+-------+-------+-------++-------
Melee: Dagger            |       |    10 |     3 ||    13
 Cast: Magic Dart        |    66 |    97 |   114 ||   277
       Searing Ray       |     1 |    18 |    53 ||    72
       Dazzling Flash    |       |       |    12 ||    12
Evoke: Wand              |       |       |     1 ||     1
  Use: Scroll            |       |     9 |     3 ||    12
  Eat: Chunk             |     2 |     9 |       ||    11
       Ration            |       |       |     5 ||     5
Armor: Robe              |     3 |    10 |    20 ||    33
Dodge: Dodged            |     4 |    24 |    60 ||    88

Table legend:
 A = Non-vault XP
 B = Vault XP
 C = Vault XP percentage of total XP
 D = Non-vault monster count
 E = Vault monster count
 F = Vault count percentage of total count
                 A         B        C        D         E       F
            +---------+---------+-------+---------+---------+-------
      Total |    2936 |    1070 |  26.7 |     126 |      38 |  23.2
            +---------+---------+-------+---------+---------+-------
        D:1 |      32 |       2 |   5.9 |      17 |       1 |   5.6
        D:2 |      84 |      99 |  54.1 |      34 |      25 |  42.4
        D:3 |      20 |     212 |  91.4 |      12 |       1 |   7.7
        D:4 |     470 |      47 |   9.1 |      21 |       6 |  22.2
        D:5 |     834 |       0 |   0.0 |      13 |       0 |   0.0
        D:6 |     568 |     306 |  35.0 |      15 |       4 |  21.1
        D:7 |     928 |     404 |  30.3 |      14 |       1 |   6.7
            +---------+---------+-------+---------+---------+-------
